 Dungeon Crawl Stone Soup version 0.31.0-9-g3a7656b989 (webtiles) character file.

Game seed: 11463664131411915067

4122 Killerpretzel the Thaumaturge (level 10, -5/50 HPs)
             Began as a Deep Elf Conjurer on Jan 24, 2024.
             Was a Believer of Vehumet.
             Slain by a killer bee (7 damage)
             ... on level 10 of the Dungeon.
             The game lasted 00:54:17 (10324 turns).

Killerpretzel the Thaumaturge (Deep Elf Conjurer)  Turns: 10324, Time: 00:54:17

Health: -5/50      AC:  6    Str:  4    XL:     10   Next: 6%
Magic:  25/27      EV: 14    Int: 28    God:    Vehumet [**....]
Gold:   486        SH:  4    Dex: 13    Spells: 28/31 levels left

rFire   . . .        a - +1 short sword (protect)
rCold   . . .        s - +0 buckler
rNeg    . . .        N - +2 robe {Will+}
rPois   .            t - +0 helmet
rElec   .            c - +0 cloak
rCorr   +            (no gloves)
SInv    .            (no boots)
Will    ++...        (no amulet)
Stlth   ++++         D - ring of resist corrosion
HPRegen 0.28/turn    (no ring)
MPRegen 0.20/turn

%: no passive effects
@: lethally poisoned (-5 -> -12)
A: no striking features
a: Renounce Religion


You were on level 10 of the Dungeon.
You worshipped Vehumet.
Vehumet was pleased with you.
You visited 2 branches of the dungeon, and saw 11 of its levels.

You collected 526 gold pieces.
You spent 40 gold pieces at shops.

Inventory:

Hand Weapons
 a - a +1 short sword of protection (weapon)
 g - a +0 dagger
 h - a +0 long sword
 p - a +0 dagger of protection
 x - a +0 hand axe
 B - a +2 short sword of distortion
 J - a +2 vampiric hand axe
 P - a +1 dagger of venom
Missiles
 u - a throwing net
Armour
 c - a +0 cloak (worn)
 s - a +0 buckler (worn)
 t - a +0 helmet (worn)
 A - a +0 robe
 I - a +0 helmet
 N - a +2 robe of willpower (worn)
Jewellery
 v - a +6 ring of dexterity
 D - a ring of resist corrosion (left hand)
 O - a +5 ring of evasion
Talismans
 e - a flux talisman
 n - a beast talisman
 y - a flux talisman
 E - a beast talisman
Wands
 K - a wand of paralysis (17)
Scrolls
 i - a scroll of poison {unknown}
 k - 10 scrolls of identify
 m - 2 scrolls of immolation
 w - a scroll of summoning {unknown}
 C - a scroll of noise
 F - a scroll of vulnerability {unknown}
 G - 3 scrolls of revelation
 H - a scroll of brand weapon {unknown}
 R - a scroll of blinking {unknown}
Potions
 b - 2 potions of magic
 d - 3 potions of heal wounds
 f - 3 potions of haste {unknown}
 j - 3 potions of enlightenment {unknown}
 o - a potion of mutation {unknown}
 z - a potion of lignification {unknown}
 L - a potion of curing {unknown}
 M - a potion of ambrosia {unknown}
 Q - 2 potions of invisibility {unknown}
Miscellaneous
 r - a lightning rod (4/4)


   Skills:
 + Level 7.3 Dodging
 + Level 8.0 Stealth
 * Level 11.4 Spellcasting
 * Level 10.4 Conjurations


You had 28 spell levels left.
You knew the following spells:

 Your Spells              Type           Power      Damage    Failure   Level
a - Magic Dart            Conj           100%       1d8       1%          1
b - Searing Ray           Conj           100%       2d8       1%          2

Your spell library contained the following spells:

 Spells                   Type           Power      Damage    Failure   Level
 Shock                    Conj/Air       100%       1d9       1%          1
 Dazzling Flash           Conj/Hex       90%        N/A       2%          3
 Mephitic Cloud           Conj/Alch/Air  35%        N/A       4%          3
 Slow                     Hex            64%        N/A       7%          1
 Fulminant Prism          Conj/Alch      22%        3d12      9%          4
 Iskenderun's Mystic Bla  Conj/Tloc      45%        2d10      9%          4
 Confusing Touch          Hex            16%        N/A       22%         3
 Sigil of Binding         Hex            16%        N/A       22%         3
 Vampiric Draining        Necr           16%        2d7       22%         3
 Volatile Blastmotes      Fire/Tloc      32%        2d12      22%         3
 Starburst                Conj/Fire      22%        6d8       77%         6
 Curse of Agony           Necr           16%        N/A       89%         5
 Silence                  Hex/Air        8%         N/A       89%         5
 Sculpt Simulacrum        Ice/Alch       8%         N/A       100%        6
 Ozocubu's Refrigeration  Ice            8%         4d9       100%        7
 Maxwell's Capacitive Co  Air            8%         ∞         100%        8
 Polar Vortex             Ice            8%         12d1*     100%        9


Dungeon Overview and Level Annotations

Branches:
Dungeon (10/15)            Temple (1/1) D:5            Lair (0/5) D:10
    Orc (0/2) D:10

Altars:
Ashenzari
Dithmenos
Elyvilon
Fedhas
Gozag
Hepliaklqana
Kikubaaqudgha
Makhleb
Nemelex Xobeh
Okawaru
Qazlal
Ru
Sif Muna
Trog
Uskayaw
Vehumet
Wu Jian
Xom
Yredelemnul
Zin
The Shining One

Shops:
D:8 *

Annotations:
D:2 Sigmund
D:8 exclusions: killer bee and troll
D:9 exclusions: centaur, howler monkey, 3 killer bees, 3 orcs, orc priest, orc wizard, vampire mosquito and 3 wights
D:10 Fannar


Message History

The searing ray hits the killer bee.
The killer bee is almost dead.
You feel sick. The killer bee stings you!
* * * LOW HITPOINT WARNING * * *
The killer bee stings you.
* * * LOW HITPOINT WARNING * * *
You block the killer bee's attack. The killer bee barely misses you.
You block the killer bee's attack. The killer bee closely misses you.
You feel much better.
You feel sick. The killer bee stings you. The killer bee misses you.
The killer bee barely misses you. The killer bee completely misses you.
The killer bee barely misses you. The killer bee misses you.
Okay, then.
As you read the scroll labelled XAHOMU SEYJI, it crumbles to dust.
You hear a loud clanging noise!
It was a scroll of noise.
You feel sick.
You hear a shout!
The killer bee stings you. You block the killer bee's attack.
The killer bee stings you but does no damage.
The killer bee barely misses you. The killer bee stings you!
* * * LOW HITPOINT WARNING * * *
You block the killer bee's attack.
Okay, then.
As you read the scroll labelled CILUSICKAMIL, it crumbles to dust.
It is a scroll of amnesia.
Okay, then.
You feel sick. The killer bee stings you!
* * * LOW HITPOINT WARNING * * *
The killer bee closely misses you. The killer bee misses you.
You block the killer bee's attack. The killer bee stings you.
* * * LOW HITPOINT WARNING * * *
You are lethally poisoned!
The killer bee poisons you! You block the killer bee's attack.
As you read the scroll labelled DUN CE RI RUO, it dissolves into smoke.
It was a scroll of fog.
* * * LOW HITPOINT WARNING * * *
You feel very sick.
The killer bee stings you but does no damage. x2
The killer bee stings you!
You die...

#†.# ########.###### ##.##
########.###### #..#
########)#########
##'###########..........#
#....>..######..........#
####.......'.####....[.....#
##..'.......#§§###..........#
#..##.......##y###..........#
###.###.......##@###..........#
))..# #.......##yy§...........#
##### ##############..........#
##################


You could see 3 killer bees.

Vanquished Creatures
  Erolcha (D:10)
  2 wraiths (D:10)
  3 wyverns (D:10)
  2 vampire mosquitoes (D:10)
  A water moccasin (D:10)
  An ice beast (D:8)
  3 black bears
  3 orc warriors (D:10)
  2 wolves (D:10)
  An ogre (D:4)
  4 centaurs
  A weeping skull (D:7)
  2 scorpions (D:5)
  2 bullfrogs
  A wight (D:9)
  3 hounds
  2 orc priests
  2 sleepcaps
  3 iguanas
  7 orc wizards
  7 gnolls (D:5)
  12 adders
  A shadow imp (D:8)
  A white imp (D:8)
  2 ufetubi (D:7)
  5 dart slugs
  A ribbon worm (D:3)
  49 orcs
  8 ball pythons
  5 endoplasms
  4 giant cockroaches
  6 goblins
  11 hobgoblins
  2 jackals (D:4)
  10 kobolds
  6 quokkas
  6 bats
  7 frilled lizards
  7 rats
  A spectral orc (D:7)
197 creatures vanquished.

Notes
Turn   | Place    | Note
-------+----------+-------------------------------------------
     0 | D:1      | Killerpretzel the Deep Elf Conjurer began the quest for the
                  | Orb.
     0 | D:1      | Reached XP level 1. HP: 10/10 MP: 6/6
   202 | D:1      | Reached XP level 2. HP: 15/15 MP: 2/8
   205 | D:1      | Learned a level 2 spell: Searing Ray
   461 | D:1      | Found a faded altar of an unknown god.
  1202 | D:2      | Reached XP level 3. HP: 19/19 MP: 8/10
  1247 | D:2      | Noticed Sigmund
  1342 | D:2      | Reached skill level 4 in Spellcasting
  1382 | D:2      | Reached skill level 5 in Conjurations
  1556 | D:2      | Reached XP level 4. HP: 24/24 MP: 8/12
  2037 | D:3      | Found a broken altar of Ashenzari.
  2561 | D:3      | Reached XP level 5. HP: 22/28 MP: 1/14
  2874 | D:3      | Reached skill level 5 in Spellcasting
  3025 | D:3      | Found a stormy altar of Qazlal.
  3364 | D:4      | Noticed an ogre
  3370 | D:4      | Killed an ogre
  3371 | D:4      | Reached XP level 6. HP: 32/32 MP: 4/16
  3524 | D:4      | Found a shimmering altar of Xom.
  4326 | D:5      | Entered Level 5 of the Dungeon
  4428 | D:5      | Reached skill level 6 in Spellcasting
  4527 | D:5      | Found a white marble altar of Elyvilon.
  4717 | D:5      | Reached XP level 7. HP: 36/36 MP: 12/18
  4751 | D:5      | Found a staircase to the Ecumenical Temple.
  4981 | Temple   | Entered the Ecumenical Temple
  4998 | Temple   | Became a worshipper of Vehumet
  5350 | D:5      | Reached skill level 5 in Stealth
  5426 | D:5      | Found an iron altar of Okawaru.
  5709 | D:6      | Found a burning altar of Makhleb.
  5711 | D:6      | You fall into a shaft and drop 1 floor!
  5737 | D:7      | Reached skill level 7 in Spellcasting
  5994 | D:7      | Found a basalt altar of Yredelemnul.
  6086 | D:7      | Found a blossoming altar of Fedhas.
  6425 | D:7      | Reached * piety under Vehumet
  6425 | D:7      | Offered knowledge of Sandblast by Vehumet.
  6431 | D:7      | Reached skill level 5 in Dodging
  6431 | D:7      | Reached XP level 8. HP: 24/41 MP: 13/21
  6751 | D:8      | Noticed a troll
  6921 | D:8      | Reached skill level 8 in Spellcasting
  7159 | D:8      | Found Hatair's Assorted Antiques.
  7168 | D:8      | Bought a scroll of identify for 40 gold pieces
  7340 | D:8      | Found a glowing silver altar of Zin.
  8633 | D:10     | Entered Level 10 of the Dungeon
  8748 | D:10     | Reached skill level 9 in Spellcasting
  8852 | D:10     | Reached XP level 9. HP: 35/45 MP: 3/24
  9042 | D:10     | Noticed Erolcha
  9049 | D:10     | Paralysed by Erolcha for 4 turns
  9059 | D:10     | Killed Erolcha
  9060 | D:10     | Reached skill level 10 in Spellcasting
  9401 | D:10     | Noticed Fannar
  9586 | D:10     | Reached skill level 10 in Conjurations
  9589 | D:10     | Reached skill level 11 in Spellcasting
  9669 | D:10     | Offered knowledge of Shock by Vehumet.
  9676 | D:10     | Reached ** piety under Vehumet
  9726 | D:10     | Found a staircase to the Lair.
  9794 | D:10     | Reached XP level 10. HP: 32/50 MP: 20/27
 10123 | D:10     | Found a staircase to the Orcish Mines.
 10324 | D:10     | HP: 2/50 [poisoned by a killer bee]
 10324 | D:10     | Slain by a killer bee

Illustrated notes

Levels and vault maps discovered:
D:1:      lightli_molten_gateway, layout_loops_corners,
          chequers_ecumenical_altar_simple
D:2:      layout_loops_ring, uniq_sigmund
D:3:      minmay_octagon_keep, layout_basic, grunt_qazlal_sundering,
          ashenzari_altar_1
D:4:      layout_basic, mainiacjoe_overflow_concentric_impassable
D:5:      layout_basic, elyvilon_altar_5, okawaru_altar_gauntlet_db,
          minmay_temple_entry_slanted
D:6:      layout_basic, mainiacjoe_overflow_alcove_1
D:7:      layout_gridville, yredelemnul_forgotten_temple_becter,
          mainiacjoe_overflow_small_starburst
D:8:      layout_basic, mainiacjoe_overflow_chevrons, serial_shops, shop
D:9:      layout_cave_pools, slow_altar_1, statue_in_the_mist_lemuel,
          minmay_misc_feat_more_columns
D:10:     layout_roguey [special_room_bee], minmay_lair_entry_grove,
          david_orc_2, uniq_erolcha, uniq_fannar
Temple:   nicolae_temple_bog_church

Skill      XL: |  1  2  3  4  5  6  7  8  9 10 |
---------------+-------------------------------+-----
Stealth        | 3 4 5 6 7 8 |  8.0
Spellcasting   | 4 5 6 7 9 11 | 11.4
Dodging        | 3 4 5 6 7 |  7.3
Conjurations   | 5 6 7 8 10 | 10.4

Action                     |  1- 3 |  4- 6 |  7- 9 | 10-12 || total
---------------------------+-------+-------+-------+-------++-------
  Melee: Dagger            |       |       |     1 |       ||     1
   Cast: Magic Dart        |    60 |   118 |   112 |    23 ||   313
         Searing Ray       |     2 |    21 |    77 |     9 ||   109
    Use: Potion            |     2 |     1 |     1 |     1 ||     5
         Scroll            |     1 |       |     2 |     3 ||     6
 Armour: Robe              |     4 |    12 |    56 |    24 ||    96
  Dodge: Dodged            |     2 |    16 |    56 |    32 ||   106
  Block: Buckler           |       |     1 |    22 |     9 ||    32
